 Dungeon Crawl Stone Soup version 0.30-a0-358-g0d69a1922f (webtiles) character file.

Game seed: 5569562675579992929

59348 flotson the Fighter (level 14, -8/111 HPs)
             Began as a Demonspawn Delver on Nov 10, 2022.
             Was an Initiate of Gozag.
             Mangled by a sun demon (14 damage)
             ... summoned by an orc high priest
             ... on level 2 of the Orcish Mines.
             The game lasted 00:42:40 (22190 turns).

flotson the Fighter (Demonspawn Delver)            Turns: 22190, Time: 00:42:41

Health: -8/111     AC: 26    Str: 17    XL:     14   Next: 52%
Magic:  0/14       EV: 17    Int: 14    God:    Gozag
Gold:   3404       SH: 12    Dex: 20    Spells: 13/13 levels left

rFire   . . .      SeeInvis .    a - +6 broad axe
rCold   + . .      Faith    .    K - +0 kite shield
rNeg    . . .      Spirit   +    J - +3 steam dragon scales "Viraenuw" {Regen+ rCorr Int-5}
rPois   .          Reflect  .    k - +0 helmet
rElec   .          Harm     .    D - +0 cloak
rCorr   +          Rampage  .    u - +0 pair of gloves
Will    +....                    Y - +4 pair of boots of Burnt Freedom {rC+ Int+6}
Stlth   +++.......               A - amulet of guardian spirit
HPRegen 3.18/turn                j - +6 ring of dexterity
MPRegen 0.14/turn                I - +4 ring of protection

@: gold aura
A: yellow scales 2, powered by death 3, spiny 2, demonic touch 2
a: Renounce Religion, Potion Petition, Call Merchant, Bribe Branch


You were on level 2 of the Orcish Mines.
You worshipped Gozag.
Gozag was most pleased with you.
You visited 3 branches of the dungeon, and saw 18 of its levels.
You also visited: Ossuary.

You collected 5884 gold pieces.
You spent 2395 gold pieces at shops.
You paid 85 gold pieces to Gozag.

Inventory:

Hand Weapons
 a - a +6 broad axe (weapon)
 b - a +1 demon whip of venom
 Z - a +0 trident of freezing
Missiles
 i - 39 poisoned darts
 G - a throwing net
 H - 2 boomerangs of dispersal
 O - 7 boomerangs
 S - 2 curare-tipped darts (quivered)
Armour
 k - a +0 helmet (worn)
 u - a +0 pair of gloves (worn)
 D - a +0 cloak (worn)
 J - the +3 steam dragon scales "Viraenuw" (worn) {Regen+ rCorr Int-5}
   (You found it on level 10 of the Dungeon)

   Int:       It affects your intelligence (-5).
   Regen:     It increases your rate of health regeneration.
   rCorr:     It protects you from acid and corrosion.
 K - a +0 kite shield (worn)
 Y - the +4 pair of boots of Burnt Freedom (worn) {rC+ Int+6}
   (You found it on level 4 of the Lair of Beasts)

   Int:       It affects your intelligence (+6).
   rC:        It protects you from cold.
Jewellery
 j - a +6 ring of dexterity (left hand)
 n - a ring of protection from fire
 A - an amulet of guardian spirit (around neck)
 I - a +4 ring of protection (right hand)
 N - a ring of see invisible
 P - a ring of poison resistance
 W - a ring of protection from cold
Wands
 g - a wand of digging (21)
 E - a wand of iceblast (19)
 R - a wand of charming (17)
 U - a wand of acid (4)
Scrolls
 c - a scroll of fog
 d - 5 scrolls of magic mapping
 e - 2 scrolls of butterflies
 m - 4 scrolls of teleportation
 o - 4 scrolls of poison
 p - 9 scrolls of immolation
 t - 5 scrolls of fear
 w - 3 scrolls of summoning
 y - 4 scrolls of vulnerability
 C - 3 scrolls of torment
 F - 2 scrolls of blinking {unknown}
 L - 6 scrolls of silence
 V - a scroll of amnesia {unknown}
 X - a scroll of acquirement {unknown}
Potions
 f - 2 potions of lignification
 l - 4 potions of attraction
 r - 5 potions of might
 s - 3 potions of heal wounds
 v - 2 potions of ambrosia
 x - 5 potions of curing
 z - 4 potions of flight
 B - 2 potions of cancellation
 M - 3 potions of haste
 Q - 2 potions of invisibility
 T - a potion of berserk rage
Miscellaneous
 h - a box of beasts
 q - a piece from Xom's chessboard (15/15)


   Skills:
 + Level 10.7 Fighting
 - Level 4.0 Short Blades
 * Level 7.6 Axes
 + Level 9.4 Throwing
 + Level 9.4 Armour
 + Level 9.6 Dodging
 - Level 4.5 Stealth
 + Level 8.5 Shields
 + Level 10.3 Evocations


You had 13 spell levels left.
You didn't know any spells.
Your spell library contained the following spells:

 Spells                   Type           Power      Damage    Failure   Level
 Magic Dart               Conj           0%         1d3       56%         1
 Sandblast                Erth           0%         2d4       56%         1
 Shock                    Conj/Air       0%         1d3       56%         1
 Passwall                 Tmut/Erth      0%         N/A       71%         2
 Searing Ray              Conj           0%         2d4       71%         2
 Gell's Gravitas          Tloc           0%         N/A       91%         3
 Inner Flame              Hex/Fire       0%         N/A       91%         3
 Lesser Beckoning         Tloc           0%         N/A       91%         3
 Stone Arrow              Conj/Erth      0%         3d7       91%         3
 Swiftness                Air            0%         N/A       91%         3
 Teleport Other           Tloc           0%         N/A       91%         3
 Airstrike                Air            0%         2d(0-16)  100%        4
 Cause Fear               Hex            0%         N/A       100%        4
 Flame Wave               Conj/Fire      0%         2d4       100%        4
 Fulminant Prism          Conj/Hex       0%         3d5       100%        4
 Sticky Flame             Conj/Fire      0%         2d3       100%        4
 Freezing Cloud           Conj/Ice/Air   0%         6-21      100%        5
 Dragon Form              Tmut           0%         N/A       100%        7
 Dragon's Call            Summ           0%         N/A       100%        9
 Polar Vortex             Ice            0%         N/A       100%        9
 Simulacrum               Ice/Necr       Unusable   N/A       N/A         6

Dungeon Overview and Level Annotations

Branches:
Dungeon (11/15)            Temple (0/1) D:7            Lair (5/5) D:10
 Shoals (0/4) Lair:2       Spider (0/4) Lair:3        Slime (0/5) Lair:5
    Orc (2/2) D:11            Elf (0/3) Orc:2       Ossuary (visited)

Altars:
Gozag
Sif Muna
Jiyva

Shops:
D:2 (   D:4 ?**   D:9 *   Orc:1 =

Annotations:
Orc:2 Blork the orc


Innate Abilities, Weirdness & Mutations

You are mostly covered in yellow scales. (AC +3)
You regenerate a lot of health from kills.
You are mostly covered in sharp spines.
Your touch may inflict irresistible damage on your foes.


Message History

You hit the sun demon but do no damage. You closely miss the orc high priest.
You barely miss the ice devil.
Blork the orc is no longer moving quickly.
Blork the orc barely misses you. You block the sun demon's attack.
You block the ice devil's attack. Blork the orc barely misses you.
The orc high priest is struck by your spines.
The orc high priest completely misses you.
The orc priest casts a cantrip, but nothing happens.
The orc knight hits you from afar with a +0 glaive!!
* * * LOW HITPOINT WARNING * * *
The orc warlord roars a battlecry!
The sun demon is distracted by your dazzling golden aura.
You are too injured to fight recklessly!
You are too injured to fight recklessly!
Unknown command.
You are too injured to fight recklessly!
Unknown command.
You are too injured to fight recklessly!
Unknown command.
You barely miss the orc high priest.
The orc high priest is almost dead.
You slice the sun demon!!
The sun demon is no longer distracted by gold.
You hit the ice devil but do no damage.
The ice devil hits you but does no damage.
The sun demon is struck by your spines. The sun demon misses you.
Blork the orc misses you.
The orc priest calls down the wrath of Beogh upon you.
Beogh smites you!
* * * LOW HITPOINT WARNING * * *
The orc warrior is distracted by your dazzling golden aura.
You block the orc knight's attack.
The orc high priest hits you with a +0 war axe!
* * * LOW HITPOINT WARNING * * *
The ice devil hits you but does no damage.
The sun demon hits you!!
* * * LOW HITPOINT WARNING * * *
You are engulfed in flames!
You die...
Your body crumbles into a pile of gold.

###o.o..# #..#.## ##...
#8o{o8# #.....# #...
#ooo..# ##.....# ###.
#.ho.o# #......## #.
o.o..... #.......# ##
.o.......#####...#..## #
.........o..8........###
..............oo$3......##
.....o4@......$.##
..oo..$$.........#
....8o..........##
.#####..........#
#..........##
#...........#### ..
##$..........#.## ...
#.........$....# .o..###
#.....$.......##


You could see an orc warlord (strong), 2 orc knights, an orc high priest
(strong), a sun demon (summoned), an ice devil (summoned), Blork the orc
(strong), an orc warrior (strong, unaware) and an orc priest (strong).

Vanquished Creatures
  The ghost of ytrimaz the Peltast, a journeyman FoFi of Hepliaklqana (Lair:5)
  Nessos (Lair:5)
  A fire dragon (Lair:5)
  7 hydras
  Erica (D:8)
  17 death yaks
  A two-headed ogre (D:8)
  Amaemon (Lair:2)
  A swamp dragon (Lair:5)
  An orange crystal statue (D:10)
  A cyclops (Orc:2)
  An orc knight (Orc:2)
  2 wolf spiders (Lair:5)
  An orc sorcerer (Orc:2)
  17 elephants
  9 black mambas
  A guardian serpent (Lair:5)
  A torpor snail (Lair:3)
  Maurice (D:8)
  A gargoyle (D:11)
  13 cane toads
  2 rime drakes (Lair:5)
  10 komodo dragons
  A troll (D:11)
  The ghost of Grognak the Shield-Bearer, an amateur MiFi of Trog (D:4)
  3 hornets
  A meliai (Lair:3)
  A snapping turtle (Lair:2)
  7 blink frogs
  4 dream sheep (Lair:3)
  39 yaks
  12 wyverns
  A shadow (D:8)
  A wraith (D:9)
  A redback (Lair:5)
  A steam dragon (D:8)
  A basilisk (Lair:5)
  2 wargs
  Edmund (D:5)
  4 acid dragons
  18 water moccasins
  2 swamp drakes (Lair:5)
  A black bear (D:5)
  15 orc warriors
  2 centaurs
  4 ogres
  8 wolves
  A phantom (D:7)
  4 elf zombies (Ossuary)
  4 kobold brigands
  A necrophage (D:6)
  12 bullfrogs
  2 gnoll sergeants
  5 scorpions
  6 wights
  21 killer bees
  2 electric eels (Lair:1)
  A howler monkey (D:10)
  A centaur zombie (Ossuary)
  2 hounds
  A jelly (D:6)
  9 orc priests
  7 iguanas
  13 orc wizards
  2 mummies (Ossuary)
  9 adders
  18 gnolls
  2 shadow imps
  A white imp (D:7)
  2 ufetubi
  2 adder zombies (Ossuary)
  2 worms
  A dart slug (D:4)
  37 orcs
  5 endoplasms
  2 giant cockroaches
  10 goblins
  10 hobgoblins
  6 quokkas
  6 ball pythons
  4 bats
  A goblin skeleton (D:7)
  A goblin zombie (D:7)
  13 hobgoblin zombies
  2 jackal zombies (Ossuary)
  17 kobolds
  10 kobold zombies
  9 orc zombies
  5 rats
  3 rat zombies (Ossuary)
495 creatures vanquished.

Vanquished Creatures (collateral kills)
  An elephant (Lair:5)
  An orange demon (Lair:2)
2 creatures vanquished.

Vanquished Creatures (others)
  A komodo dragon (Lair:5)
  A steam dragon (Lair:5)
  49 fungi
  87 plants
138 creatures vanquished.

Grand Total: 635 creatures vanquished

Notes
Turn   | Place    | Note
-------+----------+-------------------------------------------
     0 | D:5      | flotson the Demonspawn Delver began the quest for the Orb.
     0 | D:5      | Reached XP level 1. HP: 18/18 MP: 1/1
    43 | D:4      | Noticed a scorpion
   216 | D:3      | Found an opulent altar of Gozag.
   292 | D:3      | Gained mutation: You regenerate a little health from kills.
                  | [demonic ancestry]
   292 | D:3      | Reached XP level 2. HP: 24/24 MP: 2/2
   544 | D:1      | Reached skill level 1 in Evocations
   630 | D:1      | Reached XP level 3. HP: 29/29 MP: 3/3
   844 | D:1      | Found a faded altar of an unknown god.
   849 | D:1      | Got Plato's Commentary on Grit
   932 | D:2      | Reached skill level 1 in Throwing
  1064 | D:2      | Reached skill level 1 in Armour
  1189 | D:2      | Found Fostrucagu's Antique Weapon Boutique.
  1762 | D:3      | Became a worshipper of Gozag Ym Sagoz the Greedy
  1781 | D:3      | Reached XP level 4. HP: 35/35 MP: 4/4
  2313 | D:4      | Found Koekithe's Distillery.
  2313 | D:4      | Found Umaqey Idia's General Store.
  2319 | D:4      | Bought a potion of curing for 39 gold pieces
  2376 | D:4      | Found Lucsir's Assorted Antiques.
  2385 | D:4      | Bought a bubbling black potion for 24 gold pieces
  2385 | D:4      | Bought a scroll labelled NEFRAIZEA NIDGH for 27 gold pieces
  2414 | D:4      | Noticed Grognak's ghost (amateur MiFi)
  2416 | D:4      | Found a transporter.
  2546 | D:4      | Found a transporter.
  2734 | D:4      | Gained mutation: You are partially covered in yellow
                  | scales. (AC +2) [demonic ancestry]
  2734 | D:4      | Reached XP level 5. HP: 42/42 MP: 5/5
  2750 | D:4      | Bought 3 scrolls labelled CULERUMAGO for 81 gold pieces
  3004 | D:4      | Found Xonkuze's Magic Scroll Emporium.
  3021 | D:4      | Bought a scroll of teleportation for 30 gold pieces
  3282 | D:4      | Bought a scroll of identify for 20 gold pieces
  3885 | D:5      | Gained mutation: You regenerate health from kills. [demonic
                  | ancestry]
  3885 | D:5      | Reached XP level 6. HP: 48/48 MP: 6/6
  3993 | D:5      | Noticed Edmund
  4551 | D:5      | Gained mutation: You are mostly covered in yellow scales.
                  | (AC +3) [demonic ancestry]
  4551 | D:5      | Reached XP level 7. HP: 49/55 MP: 5/7
  5397 | D:6      | Reached skill level 5 in Fighting
  5545 | D:6      | Gained mutation: You are partially covered in sharp spines.
                  | [demonic ancestry]
  5545 | D:6      | Reached XP level 8. HP: 46/62 MP: 4/8
  6189 | D:5      | Killed Edmund
  6748 | D:4      | HP: 2/63 [Grognak's ghost (11)]
  7656 | D:2      | Bought a jewelled short sword for 264 gold pieces
  7656 | D:2      | Identified the +9 short sword "Xuofrex" {freeze, Str+4}
                  | (You bought it in a shop on level 2 of the Dungeon)
  7702 | D:4      | Bought a potion of might for 52 gold pieces
  7702 | D:4      | Bought a potion of lignification for 39 gold pieces
  7702 | D:4      | Bought a potion of berserk rage for 65 gold pieces
  7814 | D:7      | Reached skill level 1 in Shields
  7905 | D:7      | Noticed a komodo dragon
  7916 | D:7      | Killed a komodo dragon
  7917 | D:7      | Reached skill level 1 in Short Blades
  8298 | D:7      | Found a staircase to the Ecumenical Temple.
  8419 | D:7      | Gained mutation: Your touch may inflict minor irresistible
                  | damage on your foes. [demonic ancestry]
  8419 | D:7      | Reached XP level 9. HP: 69/69 MP: 9/9
  8886 | D:4      | Found Lucsir's Assorted Antiques.
  8896 | D:4      | Killed Grognak's ghost
  8897 | D:4      | Reached skill level 5 in Dodging
  8897 | D:4      | Reached skill level 5 in Evocations
  8943 | D:4      | Found Koekithe's Distillery.
  8947 | D:4      | Found Umaqey Idia's General Store.
  9268 | D:4      | Found Xonkuze's Magic Scroll Emporium.
  9477 | D:4      | Found a transporter.
 10146 | D:8      | Noticed a two-headed ogre
 10171 | D:8      | Killed a two-headed ogre
 10259 | D:8      | Reached skill level 5 in Throwing
 10314 | D:8      | Found a sand-covered staircase.
 10319 | Ossuary  | Entered an ossuary
 10468 | Ossuary  | Reached skill level 5 in Armour
 11010 | D:8      | Reached XP level 10. HP: 77/77 MP: 10/10
 11503 | D:9      | Noticed Erica
 11618 | D:9      | Noticed Maurice
 11636 | D:8      | Killed Maurice
 11801 | D:9      | Found Rugrodwy's Serpentskin Sales.
 12106 | D:9      | Found a shimmering blue altar of Sif Muna.
 12360 | D:10     | Entered Level 10 of the Dungeon
 12748 | D:10     | Noticed an orange crystal statue
 12934 | D:10     | Found a staircase to the Lair.
 13081 | D:10     | Paralysed by a hornet for 2 turns
 13094 | D:10     | Killed an orange crystal statue
 13095 | D:10     | Gained mutation: Your touch may inflict irresistible damage
                  | on your foes. [demonic ancestry]
 13095 | D:10     | Reached XP level 11. HP: 23/84 MP: 1/11
 13097 | D:10     | Identified the +3 steam dragon scales "Viraenuw" {Regen+
                  | rCorr Int-5}
 13302 | Lair:1   | Entered Level 1 of the Lair of Beasts
 13457 | Lair:1   | Noticed a death yak
 13458 | Lair:1   | Noticed a death yak
 13458 | Lair:1   | Noticed a death yak
 13459 | Lair:1   | Noticed a death yak
 13535 | D:10     | Killed a death yak
 13536 | D:10     | Reached skill level 5 in Shields
 13692 | D:10     | Killed a death yak
 13705 | D:10     | Killed a death yak
 13767 | Lair:1   | Killed a death yak
 15066 | Lair:2   | Noticed an eight-headed hydra
 15112 | Lair:2   | Killed an eight-headed hydra
 15113 | Lair:2   | Gained mutation: You are mostly covered in sharp spines.
                  | [demonic ancestry]
 15113 | Lair:2   | Reached XP level 12. HP: 65/94 MP: 7/12
 15370 | Lair:2   | Found a staircase to the Shoals.
 15523 | Lair:2   | Noticed Amaemon
 15535 | Lair:2   | Killed Amaemon
 15789 | Lair:3   | Noticed Nessos
 15829 | Lair:3   | Found a hole to the Spider Nest.
 15853 | Lair:3   | Noticed a four-headed hydra
 15865 | Lair:3   | Killed a four-headed hydra
 16091 | Lair:3   | Noticed an eight-headed hydra
 16104 | Lair:3   | Killed an eight-headed hydra
 16892 | Lair:4   | Identified the +4 pair of boots of Burnt Freedom {rC+
                  | Int+6}
 17021 | Lair:4   | Noticed a death yak
 17022 | Lair:4   | Noticed a death yak
 17026 | Lair:4   | Noticed a death yak
 17026 | Lair:4   | Noticed a death yak
 17026 | Lair:4   | Noticed a death yak
 17168 | Lair:3   | Killed a death yak
 17169 | Lair:3   | Killed a death yak
 17267 | Lair:3   | Killed a death yak
 17273 | Lair:3   | Killed a death yak
 17274 | Lair:3   | Reached XP level 13. HP: 36/101 MP: 4/13
 17708 | Lair:5   | Entered Level 5 of the Lair of Beasts
 18045 | Lair:4   | Reached skill level 5 in Axes
 18206 | Lair:5   | Reached skill level 10 in Fighting
 18783 | Lair:5   | Noticed a fire dragon
 18806 | Lair:5   | Killed a fire dragon
 18817 | Lair:5   | Identified the +3 scale mail of Agoraphobia {rF+}
 19030 | Lair:5   | Gained mutation: You regenerate a lot of health from kills.
                  | [demonic ancestry]
 19030 | Lair:5   | Reached XP level 14. HP: 87/111 MP: 11/14
 19254 | Lair:5   | Reached skill level 10 in Evocations
 19299 | Lair:5   | Killed Nessos
 19647 | Lair:5   | Found a runed translucent gate.
 19647 | Lair:5   | Found a runed translucent gate.
 19647 | Lair:5   | Found a runed translucent gate.
 19648 | Lair:5   | Noticed ytrimaz's ghost (journeyman FoFi)
 19674 | Lair:5   | Killed ytrimaz's ghost
 19789 | Lair:5   | Found a viscous altar of Jiyva.
 19790 | Lair:5   | Found a staircase to the Slime Pits.
 20118 | D:11     | Found a staircase to the Orcish Mines.
 20231 | D:11     | Identified the +7 rapier of Zedghon {holy, Contam rC+ rN+
                  | Str+4}
 20674 | D:8      | Killed Erica
 20750 | D:4      | Bought a potion of berserk rage for 65 gold pieces
 20750 | D:4      | Bought a potion of curing for 39 gold pieces
 20788 | D:4      | Bought a scroll of enchant armour for 75 gold pieces
 20788 | D:4      | Bought a scroll of butterflies for 40 gold pieces
 20788 | D:4      | Bought a scroll of enchant armour for 75 gold pieces
 20788 | D:4      | Bought a scroll of torment for 95 gold pieces
 20788 | D:4      | Bought a scroll of vulnerability for 40 gold pieces
 20828 | D:4      | Bought a scroll of poison for 48 gold pieces
 20828 | D:4      | Bought a wand of iceblast (11) for 316 gold pieces
 20847 | D:4      | Bought a wand of acid (3) for 340 gold pieces
 20847 | D:4      | Bought a potion of curing for 81 gold pieces
 20847 | D:4      | Bought 2 potions of haste for 540 gold pieces
 21442 | Orc:1    | Entered Level 1 of the Orcish Mines
 21555 | Orc:1    | Found Weroad's Jewellery Emporium.
 21722 | Orc:2    | Entered Level 2 of the Orcish Mines
 21800 | Orc:2    | Found a staircase to the Elven Halls.
 22034 | Orc:2    | Noticed Blork the orc
 22040 | Orc:2    | Noticed an orc warlord
 22156 | Orc:2    | Paralysed by an orc sorcerer for 5 turns
 22166 | Orc:2    | Paralysed by an orc sorcerer for 2 turns
 22190 | Orc:2    | Mangled by a sun demon

Illustrated notes

Levels and vault maps discovered:
D:1:      ncdulo_watergridlock, layout_rooms,
          shapermc_ecumenical_altar_rom_forum
D:2:      layout_basic, serial_shops, nicolae_diamond_shop
D:3:      layout_loops_ring, nicolae_gozag_seed_capital, serial_aquarium,
          aquarium_bridge_square [aquarium_subvault_bridge,
          aquarium_subvault_bridge, aquarium_subvault_wall,
          aquarium_subvault_window], aquarium_window_fake, aquarium_window_2,
          aquarium_view_2c, aquarium_balcony_5a, aquarium_pool_2
D:4:      layout_layer_cave, serial_shops, shop, shop_scrolls, shop_fountains,
          shop, gammafunk_ghost_arena
D:5:      layout_cave_pools, feat_on_display, uniq_edmund
D:6:      layout_loops_cross
D:7:      layout_cave_pods, nicolae_tso_besieged_by_evil,
          gammafunk_temple_overflow_statue, minmay_temple_entry_nine_rooms,
          nicolae_concentric_dashed_squares_wild
D:8:      layout_cave_pods, enter_ossuary_2, minivault_27,
          minmay_tree_intersection, nicolae_figureground_sparkle
D:9:      layout_basic, mainiacjoe_overflow_boulevard, guppyfry_shop_venom,
          uniq_erica, uniq_maurice
D:10:     minmay_statue_hallways, layout_rooms, grunt_lair_entry_orc_guard_hut
D:11:     layout_loops_corners, erik_orc_3
Lair:1:   layout_chaotic_city, columned_hall_lemuel, serial_bayou_shore_a,
          grunt_megastairs_2
Lair:2:   layout_small_grid, minmay_shoals_entry_hut, minivault_27, uniq_amaemon
Lair:3:   layout_misc_corridors, hellmonk_spider_entry_not_the_bees, uniq_nessos
Lair:4:   layout_gridlike, lemuel_fruit_fields, lemuel_fruit_tree
Lair:5:   guppyfry_lair_end_dragon, layout_misc_corridors,
          hangedman_lair_tendril_chambers, dpeg_slime_entry_enclosed,
          ebering_ghost_rock_garden
Orc:1:    layout_caves, serial_shops, nicolae_shop_crystal,
          hellmonk_bongcloud_opening, mines1_david
Orc:2:    grunt_orc_cross, layout_diamond_mine

Skill      XL: |  1  2  3  4  5  6  7  8  9 10 11 12 13 14 |
---------------+-------------------------------------------+-----
Dodging        | 2 3 4 5 6 7 8 9 |  9.6
Evocations     | 1 2 3 4 5 6 8 9 10 | 10.3
Throwing       | 1 2 3 4 5 6 7 8 9 |  9.4
Armour         | 1 2 3 4 5 6 7 8 9 |  9.4
Fighting       | 4 5 6 7 8 9 10 | 10.7
Shields        | 2 3 4 6 7 8 |  8.5
Short Blades   | 1 3 4 |  4.0
Axes           | 3 6 7 |  7.6
Stealth        | |  4.5

Action                   |  1- 3 |  4- 6 |  7- 9 | 10-12 | 13-15 || total
-------------------------+-------+-------+-------+-------+-------++-------
Melee: Hand axe          |    17 |       |       |       |       ||    17
       Quarterstaff      |   114 |   146 |   118 |       |       ||   378
       Short sword       |       |       |   235 |   597 |       ||   832
       Trident           |       |       |    46 |       |       ||    46
       Broad axe         |       |       |       |   109 |   544 ||   653
       Demon whip        |       |       |       |    10 |    41 ||    51
Throw: Dart              |       |       |    32 |     2 |     2 ||    36
Evoke: Wand              |       |       |       |     3 |     2 ||     5
       Box of beasts     |       |       |       |     1 |     1 ||     2
  Use: Scroll            |     1 |       |     9 |    12 |     7 ||    29
       Potion            |       |       |     3 |     8 |     3 ||    14
 Stab: Sleeping          |     9 |     1 |     5 |     3 |     5 ||    23
       Distracted        |       |       |     2 |     4 |     9 ||    15
       Confused          |       |       |       |       |     5 ||     5
Armor: Ring mail         |    68 |    83 |   120 |   117 |       ||   388
       Steam dragon scal |       |       |       |   265 |   457 ||   722
Dodge: Dodged            |    80 |    79 |   185 |   457 |   490 ||  1291
Block: Kite shield       |       |       |   102 |   410 |   504 ||  1016

Table legend: (Time is in decaauts)
 A = Elapsed time spent in this place.
 B = Non-inter-level travel time spent in this place.
 C = Inter-level travel time spent in this place.
 D = Time resting spent in this place.
 E = Time spent auto-exploring this place.
 F = Levels seen in this place.
 G = Mean time per level.
                   A        B        C        D        E       F      G
               +--------+--------+--------+--------+--------+-----+--------+
         Total |  22704 |  20759 |   1945 |    851 |  14802 |  19 | 1194.9 |
       Dungeon |  14857 |  13387 |   1470 |    665 |  10083 |  11 | 1350.6 |
          Lair |   6743 |   6277 |    466 |    137 |   4035 |   5 | 1348.6 |
  Orcish Mines |    778 |    770 |      8 |     49 |    525 |   2 |  389.0 |
       Ossuary |    325 |    325 |      0 |      0 |    159 |   1 |  325.0 |
               +--------+--------+--------+--------+--------+-----+--------+

Top non-repeatable levels by time:
     D:4: 3673 daAuts
  Lair:5: 2083 daAuts
     D:6: 1852 daAuts
     D:5: 1568 daAuts
     D:8: 1426 daAuts
  Lair:4: 1240 daAuts
  Lair:2: 1234 daAuts
    D:10: 1216 daAuts
    D:11: 1114 daAuts
  Lair:3: 1113 daAuts
  Lair:1: 1072 daAuts
     D:7: 1019 daAuts
     D:3: 989 daAuts
     D:2: 851 daAuts
     D:9: 679 daAuts
